TOP OF THE 1ST |
Clemson Tigers batting - Pitching for Washington State Cougars : LHP Andy O'Toole
|
Pitching: LHP Andy O'Toole
|
|
Batting: LHB Aaron Thompson
|
0-0: Ball 1-0: Ball 2-0: SINGLE (Groundball, 6MD)
|
Batting: SHB Jesse Brown
|
0-0: Called Strike 0-1: Swinging Strike 0-2: Ball 1-2: Ball 2-2: Foul Ball, location: 2F 2-2: Strikes out swinging
|
Batting: LHB Frank Vázquez
|
0-0: Ball 1-0: Called Strike Aaron Thompson is caught stealing 2nd base 1-1: Swinging Strike 1-2: Ball 2-2: Ball 3-2: Base on Balls
|
Batting: RHB Tom Harris
|
0-0: Ball 1-0: Ball 2-0: Ball 3-0: Base on Balls Frank Vázquez to second
|
Batting: LHB Peter Puckett
|
0-0: Ball 1-0: Ball 2-0: Called Strike 2-1: Ball 3-1: Foul Ball, location: 2F 3-2: Base on Balls Frank Vázquez to third Tom Harris to second
|
Batting: RHB Henry Gregory
|
0-0: Called Strike 0-1: Ball 1-1: Foul Ball, location: 2F 1-2: Foul Ball, location: 2F 1-2: Ball 2-2: Foul Ball, location: 2F 2-2: Strikes out swinging
|
Top of the 1st over - 0 run(s), 1 hit(s), 0 error(s), 3 left on base; Clemson 0 - Washington State 0 |
BOTTOM OF THE 1ST |
Washington State Cougars batting - Pitching for Clemson Tigers : RHP Ron Booker
|
Pitching: RHP Ron Booker
|
|
Batting: RHB Montego Martínez
|
0-0: SINGLE (Line Drive, 56D)
|
Batting: RHB John Hall
|
0-0: Ball 1-0: SINGLE (Line Drive, 89S) Montego Martínez to second Runner from 2nd tries for 3rd, SAFE, no throw
|
Batting: LHB Conan Bush
|
0-0: Ball 1-0: Ball 2-0: Called Strike 2-1: Called Strike 2-2: Ball 3-2: SINGLE (Line Drive, 8RS) Montego Martínez scores John Hall to second
|
Batting: RHB Jesús Domínguez
|
0-0: Grounds into double play, 1-6-3 (Groundball, P) John Hall to third
|
Batting: LHB Andrew Lockhart
|
0-0: Called Strike 0-1: Ground out 6-3 (Groundball, 56)
|
Bottom of the 1st over - 1 run(s), 3 hit(s), 0 error(s), 1 left on base; Clemson 0 - Washington State 1 |
TOP OF THE 2ND |
Clemson Tigers batting - Pitching for Washington State Cougars : LHP Andy O'Toole
|
Batting: LHB Bob Huerta
|
0-0: Foul Ball, location: 2F 0-1: Ball 1-1: Foul Ball, location: 2F 1-2: Ball 2-2: Foul Ball, location: 2F 2-2: Ball 3-2: Base on Balls
|
Batting: LHB Wilson Turner
|
0-0: Fly out, F9 (Line Drive, 9LM)
|
Batting: RHB Wayne Scott
|
0-0: Ball 1-0: Ball 2-0: Ball 3-0: Called Strike 3-1: DOUBLE (Line Drive, 8LM) Bob Huerta to third
|
Batting: LHB Aaron Thompson
|
0-0: Ball 1-0: Ground out 5-3 (Groundball, 5S) Bob Huerta scores Wayne Scott to third
|
Batting: SHB Jesse Brown
|
0-0: Swinging Strike 0-1: Ball 1-1: Ball 2-1: Foul Ball, location: 2F 2-2: Foul Ball, location: 2F 2-2: Ground out 6-3 (Groundball, 56D)
|
Top of the 2nd over - 1 run(s), 1 hit(s), 0 error(s), 1 left on base; Clemson 1 - Washington State 1 |
BOTTOM OF THE 2ND |
Washington State Cougars batting - Pitching for Clemson Tigers : RHP Ron Booker
|
Batting: RHB Marc Rogers
|
0-0: Ball 1-0: Foul Ball, location: 2F 1-1: Foul Ball, location: 2F 1-2: Ball 2-2: Strikes out swinging
|
Batting: RHB Juan Flores
|
0-0: Ball 1-0: Foul Ball, location: 2F 1-1: Ground out 5-3 (Groundball, 5)
|
Batting: SHB Hunter Bond
|
0-0: Called Strike 0-1: Ball 1-1: Swinging Strike 1-2: Foul Ball, location: 2F 1-2: Ball 2-2: Foul Ball, location: 2F 2-2: Foul Ball, location: 2F 2-2: Fly out, F4 (Popup, 4)
|
Bottom of the 2nd over - 0 run(s), 0 hit(s), 0 error(s), 0 left on base; Clemson 1 - Washington State 1 |
TOP OF THE 3RD |
Clemson Tigers batting - Pitching for Washington State Cougars : LHP Andy O'Toole
|
Batting: LHB Frank Vázquez
|
0-0: Called Strike 0-1: Foul Ball, location: 2F 0-2: SOLO HOME RUN (Flyball, 9D), Distance : 351 ft
|
Batting: RHB Tom Harris
|
0-0: Ball 1-0: Ball 2-0: Called Strike 2-1: Ball 3-1: Ground out 5-3 (Groundball, 56)
|
Batting: LHB Peter Puckett
|
0-0: Ball 1-0: Ball 2-0: Ball 3-0: Base on Balls
|
Batting: RHB Henry Gregory
|
0-0: Ball 1-0: Ball 2-0: Foul Ball, location: 2F 2-1: Called Strike 2-2: Strikes out looking
|
Batting: LHB Bob Huerta
|
0-0: Foul Ball, location: 2F 0-1: Ball 1-1: Fly out, F8 (Flyball, 8RM)
|
Top of the 3rd over - 1 run(s), 1 hit(s), 0 error(s), 1 left on base; Clemson 2 - Washington State 1 |
BOTTOM OF THE 3RD |
Washington State Cougars batting - Pitching for Clemson Tigers : RHP Ron Booker
|
Batting: RHB Ismael Rodríguez
|
0-0: Ball 1-0: Ball 2-0: Called Strike 2-1: Ball 3-1: Called Strike 3-2: Base on Balls
|
Batting: RHB Montego Martínez
|
0-0: Ball 1-0: Called Strike 1-1: Called Strike 1-2: SINGLE (Groundball, 34D) Ismael Rodríguez to second Runner from 2nd tries for 3rd, SAFE, throw made to third Montego Martínez to second
|
Batting: RHB John Hall
|
0-0: Called Strike 0-1: Swinging Strike 0-2: Ball 1-2: Foul Ball, location: 2F 1-2: Strikes out swinging
|
Batting: LHB Conan Bush
|
0-0: Ball 1-0: Ball 2-0: SINGLE (Line Drive, 34D) Ismael Rodríguez scores Montego Martínez to third Runner from 3rd tries for Home, SAFE, no throw
|
Batting: RHB Jesús Domínguez
|
0-0: Ball Conan Bush is caught stealing 2nd base 1-0: Fly out, F3 (Popup, 3L)
|
Bottom of the 3rd over - 2 run(s), 2 hit(s), 0 error(s), 0 left on base; Clemson 2 - Washington State 3 |
TOP OF THE 4TH |
Clemson Tigers batting - Pitching for Washington State Cougars : LHP Andy O'Toole
|
Batting: LHB Wilson Turner
|
0-0: Called Strike 0-1: Ball 1-1: Swinging Strike 1-2: SOLO HOME RUN (Flyball, 9D), Distance : 367 ft
|
Batting: RHB Wayne Scott
|
0-0: Ball 1-0: Ball 2-0: Called Strike 2-1: Swinging Strike 2-2: Strikes out swinging
|
Pitching: RHP Sidney MacWhannell
|
|
Batting: LHB Aaron Thompson
|
0-0: Ball 1-0: Swinging Strike 1-1: Single, Error in OF, E9, batter to second base
|
Batting: SHB Jesse Brown
|
0-0: Ball Aaron Thompson is caught stealing 3rd base 1-0: Foul Ball, location: 2F 1-1: Ball 2-1: Called Strike 2-2: Foul Ball, location: 2F 2-2: Fly out, F7 (Flyball, 7S)
|
Top of the 4th over - 1 run(s), 2 hit(s), 1 error(s), 0 left on base; Clemson 3 - Washington State 3 |
BOTTOM OF THE 4TH |
Washington State Cougars batting - Pitching for Clemson Tigers : RHP Ron Booker
|
Batting: LHB Andrew Lockhart
|
0-0: Called Strike 0-1: Foul Ball, location: 2F 0-2: Ball 1-2: Ball 2-2: Strikes out swinging
|
Batting: RHB Marc Rogers
|
0-0: Called Strike 0-1: Ball 1-1: DOUBLE (Line Drive, 7)
|
Batting: RHB Juan Flores
|
0-0: Called Strike 0-1: Ball 1-1: Ball 2-1: Called Strike 2-2: Ball 3-2: Strikes out swinging
|
Batting: SHB Hunter Bond
|
0-0: Swinging Strike 0-1: Foul Ball, location: 2F 0-2: Foul Ball, location: 2F 0-2: Ball 1-2: Ground out 1-3 (Groundball, 15)
|
Bottom of the 4th over - 0 run(s), 1 hit(s), 0 error(s), 1 left on base; Clemson 3 - Washington State 3 |
TOP OF THE 5TH |
Clemson Tigers batting - Pitching for Washington State Cougars : RHP Sidney MacWhannell
|
Batting: LHB Frank Vázquez
|
0-0: Swinging Strike 0-1: Ball 1-1: Ground out 6-3 (Groundball, 6)
|
Batting: RHB Tom Harris
|
0-0: Ball 1-0: Ball 2-0: SINGLE (Groundball, 15) (infield hit)
|
Batting: LHB Peter Puckett
|
0-0: Ball 1-0: Fly out, F3 (Line Drive, 3) Lined into DP, U3 (Line Drive, 3)
|
Top of the 5th over - 0 run(s), 1 hit(s), 0 error(s), 0 left on base; Clemson 3 - Washington State 3 |
BOTTOM OF THE 5TH |
Washington State Cougars batting - Pitching for Clemson Tigers : RHP Ron Booker
|
Batting: RHB Ismael Rodríguez
|
0-0: Called Strike 0-1: Foul Ball, location: 2F 0-2: Ball 1-2: Strikes out looking
|
Batting: RHB Montego Martínez
|
0-0: Ball 1-0: Ball 2-0: Ball 3-0: Called Strike 3-1: Called Strike 3-2: Ground out 6-3 (Groundball, 6)
|
Batting: RHB John Hall
|
0-0: Ball 1-0: Called Strike 1-1: Ball 2-1: Foul Ball, location: 2F 2-2: Strikes out swinging
|
Bottom of the 5th over - 0 run(s), 0 hit(s), 0 error(s), 0 left on base; Clemson 3 - Washington State 3 |
TOP OF THE 6TH |
Clemson Tigers batting - Pitching for Washington State Cougars : RHP Sidney MacWhannell
|
Batting: RHB Henry Gregory
|
0-0: Ball 1-0: Foul Ball, location: 2F 1-1: Swinging Strike 1-2: Strikes out swinging
|
Batting: LHB Bob Huerta
|
0-0: Ball 1-0: Ground out 3-1 (Groundball, 34)
|
Batting: LHB Wilson Turner
|
0-0: Ball 1-0: Ball 2-0: Called Strike 2-1: Fly out, F7 (Line Drive, 78M)
|
Top of the 6th over - 0 run(s), 0 hit(s), 0 error(s), 0 left on base; Clemson 3 - Washington State 3 |
BOTTOM OF THE 6TH |
Washington State Cougars batting - Pitching for Clemson Tigers : RHP Ron Booker
|
Pitching: LHP Michael Hays
|
|
Batting: LHB Conan Bush
|
0-0: Ball 1-0: Called Strike 1-1: Ball 2-1: Foul Ball, location: 2F 2-2: Ball 3-2: Foul Ball, location: 2F 3-2: Fly out, F8 (Flyball, 89M)
|
Batting: RHB Jesús Domínguez
|
0-0: Fly out, F9 (Flyball, 89S)
|
Batting: LHB Andrew Lockhart
|
0-0: Ball 1-0: Ball 2-0: Ball 3-0: Called Strike 3-1: Base on Balls
|
Batting: RHB Marc Rogers
|
0-0: Ball 1-0: Swinging Strike 1-1: Called Strike 1-2: Ball 2-2: Foul Ball, location: 2F 2-2: Ball 3-2: Fly out, F9 (Flyball, 9S)
|
Bottom of the 6th over - 0 run(s), 0 hit(s), 0 error(s), 1 left on base; Clemson 3 - Washington State 3 |
TOP OF THE 7TH |
Clemson Tigers batting - Pitching for Washington State Cougars : RHP Sidney MacWhannell
|
Batting: RHB Wayne Scott
|
0-0: Ball 1-0: Called Strike 1-1: Ball 2-1: Swinging Strike 2-2: Strikes out swinging
|
Batting: LHB Aaron Thompson
|
0-0: Ball 1-0: Swinging Strike 1-1: Ball 2-1: Ball 3-1: Swinging Strike 3-2: Base on Balls
|
Batting: SHB Jesse Brown
|
0-0: Ball 1-0: Ball 2-0: Ball 3-0: Base on Balls Aaron Thompson to second
|
Batting: LHB Frank Vázquez
|
0-0: Foul Ball, location: 2F 0-1: Swinging Strike 0-2: Fly out, F2 (Popup, 2L)
|
Pitching: RHP Emílio Marín
|
|
Batting: RHB Tom Harris
|
0-0: Ball 1-0: Ball 2-0: Ball 3-0: Called Strike 3-1: Base on Balls Aaron Thompson to third Jesse Brown to second
|
Batting: LHB Peter Puckett
|
0-0: Called Strike 0-1: Ball 1-1: Foul Ball, location: 2F 1-2: Ball 2-2: Foul Ball, location: 2F 2-2: Ball 3-2: Fly out, F7 (Flyball, 7LM)
|
Top of the 7th over - 0 run(s), 0 hit(s), 0 error(s), 3 left on base; Clemson 3 - Washington State 3 |
BOTTOM OF THE 7TH |
Washington State Cougars batting - Pitching for Clemson Tigers : LHP Michael Hays
|
Batting: RHB Juan Flores
|
0-0: Ball 1-0: Called Strike 1-1: Swinging Strike 1-2: Hit by Pitch
|
Batting: SHB Hunter Bond
|
0-0: Bunted foul 0-1: Ball 1-1: Ball 2-1: Ball 3-1: Sac Bunt - play at first, batter safe! Juan Flores to second
|
Batting: RHB Ismael Rodríguez
|
0-0: Ball 1-0: Swinging Strike 1-1: Fly out, F4 (Line Drive, 4M)
|
Batting: RHB Montego Martínez
|
0-0: Called Strike 0-1: Ball 1-1: Swinging Strike 1-2: Ball 2-2: Strikes out swinging
|
Pitching: RHP Emílio Torres
|
|
Batting: RHB John Hall
|
0-0: Called Strike 0-1: Reached via error on a dropped throw, E4 Juan Flores to third Hunter Bond to second
|
Batting: LHB Conan Bush
|
0-0: Called Strike 0-1: Ball 1-1: Ball 2-1: Ball 3-1: Base on Balls Juan Flores scores Hunter Bond to third John Hall to second
|
Batting: RHB Jesús Domínguez
|
0-0: Foul Ball, location: 2F 0-1: Ball 1-1: Ball 2-1: Foul Ball, location: 2F 2-2: Ball 3-2: Base on Balls Hunter Bond scores John Hall to third Conan Bush to second
|
Batting: LHB Andrew Lockhart
|
0-0: Called Strike 0-1: GRAND SLAM HOME RUN (Flyball, 9LD), Distance : 321 ft
|
Batting: RHB Marc Rogers
|
0-0: Ball 1-0: Ball 2-0: Called Strike 2-1: Foul Ball, location: 2F 2-2: Foul Ball, location: 2F 2-2: Ground out 3-1 (Groundball, 34S)
|
Bottom of the 7th over - 6 run(s), 2 hit(s), 1 error(s), 0 left on base; Clemson 3 - Washington State 9 |
TOP OF THE 8TH |
Clemson Tigers batting - Pitching for Washington State Cougars : RHP Emílio Marín
|
Now in LF: Nick Bailey
|
|
Batting: RHB Henry Gregory
|
0-0: SINGLE (Line Drive, 7LS)
|
Batting: LHB Bob Huerta
|
0-0: Ball 1-0: Fly out, F8 (Line Drive, 8LM)
|
Batting: LHB Wilson Turner
|
0-0: Called Strike 0-1: Called Strike 0-2: Fly out, F7 (Flyball, 7LSF)
|
Batting: RHB Wayne Scott
|
0-0: Fly out, F9 (Flyball, 9LS)
|
Top of the 8th over - 0 run(s), 1 hit(s), 0 error(s), 1 left on base; Clemson 3 - Washington State 9 |
BOTTOM OF THE 8TH |
Washington State Cougars batting - Pitching for Clemson Tigers : RHP Emílio Torres
|
Pitching: RHP Adam O'Herlihy
|
|
Batting: RHB Juan Flores
|
0-0: Foul Ball, location: 2F 0-1: Ball 1-1: Foul Ball, location: 2F 1-2: Foul Ball, location: 2F 1-2: Strikes out swinging
|
Batting: SHB Hunter Bond
|
0-0: Ball 1-0: Ball 2-0: Ball 3-0: Called Strike 3-1: Base on Balls
|
Batting: RHB Ismael Rodríguez
|
0-0: Ball 1-0: Called Strike Error on foul ball, E7 1-2: Ball 2-2: Foul Ball, location: 2F 2-2: DOUBLE (Line Drive, 7LM) Hunter Bond to third Runner from 3rd tries for Home, SAFE, no throw
|
Batting: RHB Montego Martínez
|
0-0: Called Strike 0-1: Ball 1-1: Ball 2-1: 2-RUN HOME RUN (Flyball, 89XD), Distance : 376 ft
|
Pinch Hitting: RHB Lawrence Vaughn
|
0-0: Called Strike 0-1: Fly out, F9 (Flyball, 89M)
|
Batting: LHB Conan Bush
|
0-0: Ball 1-0: Ball 2-0: Ball 3-0: Base on Balls
|
Batting: RHB Jesús Domínguez
|
0-0: Ball Conan Bush steals 2nd base 1-0: Swinging Strike 1-1: Foul Ball, location: 2F 1-2: Ground out 6-3 (Groundball, 6)
|
Bottom of the 8th over - 3 run(s), 2 hit(s), 1 error(s), 1 left on base; Clemson 3 - Washington State 12 |
TOP OF THE 9TH |
Clemson Tigers batting - Pitching for Washington State Cougars : RHP Emílio Marín
|
Now at 1B: Lawrence Vaughn
|
|
Batting: LHB Aaron Thompson
|
0-0: SOLO HOME RUN (Flyball, 89XD), Distance : 377 ft
|
Batting: SHB Jesse Brown
|
0-0: Called Strike 0-1: SINGLE (Groundball, 34D)
|
Batting: LHB Frank Vázquez
|
0-0: Swinging Strike 0-1: Foul Ball, location: 2F 0-2: Strikes out swinging
|
Batting: RHB Tom Harris
|
0-0: Ball 1-0: Called Strike 1-1: Ball 2-1: Swinging Strike 2-2: Strikes out looking
|
Batting: LHB Peter Puckett
|
0-0: Ball 1-0: Called Strike 1-1: Ball 2-1: Foul Ball, location: 2F 2-2: Fly out, F7 (Flyball, 7)
|
Top of the 9th over - 1 run(s), 2 hit(s), 0 error(s), 1 left on base; Clemson 4 - Washington State 12 |
|